 Dungeon Crawl Stone Soup version bcrawl-1.17.3 (webtiles) character file.

Game seed: 5015826936415667792

870 cunnyseurTrue the Chiller (level 8, -1/38 HPs)
             Began as a Mana Stalker Ice Elementalist on Oct 24, 2019.
             Was a Follower of Hepliaklqana.
             Shot with an arrow by a centaur (9 damage)
             ... on level 6 of the Dungeon.
             The game lasted 00:08:49 (4439 turns).

cunnyseurTrue the Chiller (VSIE)                    Turns: 4439, Time: 00:08:50

Health: -1/38      AC:  6    Str: 10    XL:     8   Next: 3%
Magic:  7/14       EV: 12    Int: 17    God:    Hepliaklqana [*.....]
Gold:   339        SH:  0    Dex: 16    Spells: 4/14 levels left

rFire    . . .     SeeInvis +   b - +2 whip (elec)
rCold    . . .     Gourm    .   (no shield)
rNeg     . . .     Faith    .   o - +0 leather armour
rPois    .         Spirit   .   z - +1 helmet {SInv}
rElec    .         Reflect  .   p - +0 cloak
rCorr    .         Harm     .   (no gloves)
MR       +....                  (no boots)
Stlth    +++.......             (no amulet)
HPRegen  0.52/turn              (no ring)
MPRegen  0.14/turn              (no ring)

@: lethally poisoned (-1 -> -9)
A: reduced essence, fangs 3, magic resistance 1, regeneration 1, antimagic bite,
no potion heal 3, rot immunity, strong jaws
a: Recall Ancestor, Ancestor Identity, Renounce Religion


You were on level 6 of the Dungeon.
You worshipped Hepliaklqana.
Hepliaklqana was aware of your devotion.
You were hungry.

You visited 1 branch of the dungeon, and saw 6 of its levels.

You collected 339 gold pieces.

Inventory:

Hand Weapons
 a - a +0 hunting sling
 b - a +2 whip of electrocution (weapon)
 k - a +0 dagger
Missiles
 m - 1370 stones (quivered)
Armour
 o - a +0 leather armour (worn)
 p - a +0 cloak (worn)
 z - a +1 helmet of see invisible (worn)
Wands
 c - a wand of iceblast (6)
Scrolls
 e - a scroll of noise {unknown}
 f - a scroll of teleportation
 h - 2 scrolls of immolation
 i - a scroll of remove curse
 n - a scroll of blinking {unknown}
 q - 2 scrolls of fog {unknown}
 w - a scroll of enchant weapon {unknown}
 y - a scroll of magic mapping {unknown}
Potions
 g - 4 potions of brilliance
 j - a potion of curing
 r - a potion of degeneration {unknown}
 t - 2 potions of cancellation {unknown}
 u - 2 potions of agility {unknown}
 x - a potion of mutation {unknown}
Comestibles
 d - 5 rations {!d}


   Skills:
 - Level 1.0 Fighting
 - Level 2.0 Dodging
 + Level 4.5 Stealth
 + Level 3.9 Spellcasting
 + Level 3.5 Conjurations
 * Level 7.4 Ice Magic


You had 4 spell levels left.
You knew the following spells:

 Your Spells              Type           Power        Failure   Level  Hunger
a - Freeze                Ice            ####..       1%          1    None
b - Throw Frost           Conj/Ice       ###...       3%          2    ##.....
c - Ozocubu's Armour      Chrm/Ice       ###.....     14%         3    ###....
d - Throw Icicle          Conj/Ice       ###.....     22%         4    ####...

Your spell library contained the following spells:

 Spells                   Type           Power        Failure   Level  Hunger
 Apportation              Tloc           #.....       22%         1    None
 Infusion                 Chrm           #.......     22%         1    None
 Sandblast                Erth           #.....       22%         1    None
 Slow                     Hex            #.......     22%         1    None
 Summon Butterflies       Summ           #.......     22%         1    None
 Summon Ice Beast         Ice/Summ       ###.....     43%         4    ####...


Dungeon Overview and Level Annotations

Branches:
Dungeon (6/12)             Temple (0/1) D:6

Altars:
Dithmenos
Elyvilon
Hepliaklqana
Nemelex Xobeh
Uskayaw
Wu Jian
The Shining One

Shops:
D:5 :

Annotations:
D:3 1 transporter, pheathergobbo575's ghost, amateur KoHu
D:5 2 runed translucent doors, pheathergobbo575's ghost, novice CeWr
D:6 Prince Ribbit


Innate Abilities, Weirdness & Mutations

You have razor-sharp teeth.
You are resistant to hostile enchantments. (MR+)
Your natural rate of healing is unusually fast.
Your bite disrupts and absorbs the magic of your enemies.
Potions cannot restore your health.
You are immune to rotting.
Your bites deal extra damage.
Your life essence is reduced to manifest your ancestor. (-10% HP)


Message History

Aim: a hound You freeze the hound.
The hound is lightly wounded.
You feel sick. The hound bites you.
* * * LOW HITPOINT WARNING * * *
The hound bites you.
* * * LOW HITPOINT WARNING * * *
A centaur comes into view.
Casting: Freeze (safe; 1% risk of failure)
Confirm with . or Enter, or press ? or * to list all spells.
Aiming: Freeze (safe; 1% risk of failure)
Press: ? - help, Shift-Dir - straight line, f/p - hound
Aim: a hound (lightly wounded)
You freeze the hound!
The hound is severely wounded.
* * * LOW HITPOINT WARNING * * *
You feel sick. The hound bites you but does no damage.
The centaur wields a +0 shortbow.
The centaur shoots an arrow.
The arrow hits you!
You die...

## .. .# .# ######## .#
.# #.##.#.# ##.#..#
#.##.#.########@....#.
##.##.#........†Rh.....#
).....####c#####........
####### #.# ##......#
#.# .####.. #####.# .. #
##..R#.# .## #.###..####
.# #.# #........


You could see the friendly Senakhtenre the ancestor, a centaur and a hound.

Vanquished Creatures
  A water moccasin (D:6)
  An ogre (D:6)
  A bullfrog (D:5)
  2 crimson imps
  2 worker ants (D:4)
  Robin (D:4)
  A gnoll (D:3)
  9 adders
  An ooze (D:5)
  2 worms
  4 leopard geckos
  5 orcs
  4 bats
  11 goblins
  11 hobgoblins
  7 jackals
  A quokka (D:2)
  4 frilled lizards
  8 kobolds
  2 quokka skeletons (D:4)
  8 rats
86 creatures vanquished.

Vanquished Creatures (collateral kills)
  An ogre (D:6)
  A water moccasin skeleton (D:4)
  2 howler monkeys
  An iguana (D:4)
  3 adders
  A shadow imp (D:4)
  A worm (D:3)
  A leopard gecko (D:3)
  2 orcs (D:5)
  A hobgoblin (D:3)
  A quokka (D:3)
  2 goblins (D:4)
17 creatures vanquished.

Vanquished Creatures (others)
  An ancestor (D:3)
  3 plants (D:3)
4 creatures vanquished.

Grand Total: 107 creatures vanquished

Notes
Turn   | Place    | Note
-------+----------+-------------------------------------------
     0 | D:1      | cunnyseurTrue the Vine Stalker Ice Elementalist began the
                  | quest for the Orb.
     0 | D:1      | Reached XP level 1. HP: 10/10 MP: 4/4
   163 | D:1      | Reached XP level 2. HP: 16/16 MP: 4/6
   397 | D:1      | Learned a level 2 spell: Throw Frost
   610 | D:1      | Reached skill level 1 in Fighting
   888 | D:1      | Reached XP level 3. HP: 20/20 MP: 7/7
  1368 | D:2      | Reached skill level 4 in Ice Magic
  1953 | D:3      | Found a hazy altar of Hepliaklqana.
  2001 | D:3      | Reached XP level 4. HP: 25/25 MP: 5/8
  2012 | D:3      | Became a worshipper of Hepliaklqana the Forgotten
  2172 | D:3      | Reached skill level 5 in Ice Magic
  2265 | D:3      | Found a transporter.
  2323 | D:3      | Found a shadowy altar of Dithmenos.
  2383 | D:3      | Learned a level 3 spell: Ozocubu's Armour
  2423 | D:3      | Identified the +4 spear of the Badger {pain, MR+++ MP+9}
  2427 | D:3      | Noticed pheathergobbo575's ghost (amateur KoHu)
  2457 | D:3      | Found a transporter.
  2463 | D:3      | Reached XP level 5. HP: 26/26 MP: 7/9
  2668 | D:4      | Gained mutation: You have razor-sharp teeth. [Vine Stalker
                  | growth]
  2668 | D:4      | Reached XP level 6. HP: 12/30 MP: 3/11
  2753 | D:4      | Found a hide-covered altar of Uskayaw.
  2858 | D:4      | Found an ornate altar of the Wu Jian Council.
  2869 | D:4      | Reached skill level 6 in Ice Magic
  2923 | D:4      | Found a glowing golden altar of the Shining One.
  3009 | D:4      | Noticed Robin
  3276 | D:4      | Killed Robin
  3303 | D:4      | Learned a level 4 spell: Throw Icicle
  3346 | D:4      | Reached * piety under Hepliaklqana
  3501 | D:5      | Entered Level 5 of the Dungeon
  3501 | D:5      | Found Bablonk's Book Shoppe.
  3512 | D:5      | Reached XP level 7. HP: 22/34 MP: 8/12
  3757 | D:5      | Noticed a two-headed ogre
  3795 | D:5      | Found a large runed translucent door.
  3795 | D:5      | Found a large runed translucent door.
  3949 | D:5      | Found a sparkling altar of Nemelex Xobeh.
  4018 | D:5      | Found a white marble altar of Elyvilon.
  4083 | D:5      | Noticed pheathergobbo575's ghost (novice CeWr)
  4169 | D:3      | Paralysed by a gnoll for 3 turns
  4270 | D:6      | Found a staircase to the Ecumenical Temple.
  4347 | D:6      | Noticed Prince Ribbit
  4351 | D:6      | Reached skill level 7 in Ice Magic
  4437 | D:6      | Gained mutation: Your bite disrupts and absorbs the magic
                  | of your enemies. [Mana Stalker growth]
  4437 | D:6      | Gained mutation: You are resistant to hostile enchantments.
                  | (MR+) [Mana Stalker growth]
  4437 | D:6      | Reached XP level 8. HP: 20/38 MP: 8/14
  4439 | D:6      | Shot with an arrow by a centaur

Skill      XL: |  1  2  3  4  5  6  7 |
---------------+----------------------+-----
Fighting       | 1 |  1.0
Ice Magic      | 4 5 6 7 |  7.4
Conjurations   | 2 3 |  3.5
Spellcasting   | 3 |  3.9
Stealth        | 4 |  4.5
Dodging        | |  2.0

Action                   |  1- 3 |  4- 6 |  7- 9 || total
-------------------------+-------+-------+-------++-------
Melee: Whip              |       |    23 |    29 ||    52
       Bite              |       |     2 |       ||     2
 Fire: Hunting sling     |    61 |    40 |     1 ||   102
 Cast: Freeze            |    32 |    45 |    19 ||    96
       Throw Frost       |     1 |     1 |       ||     2
Invok: Recall Ancestor   |       |       |     2 ||     2
Evoke: Wand              |       |       |     1 ||     1
  Use: Scroll            |       |     6 |     1 ||     7
 Stab: Sleeping          |       |     3 |     2 ||     5
  Eat: Chunk             |     3 |     5 |     3 ||    11
Armor: Robe              |    10 |     9 |    11 ||    30
       Leather armour    |       |       |     5 ||     5
Dodge: Dodged            |    24 |    29 |    31 ||    84
